 Dungeon Crawl Stone Soup version 0.30.0-20-g3615ddf2f0 (webtiles) character file.

Game seed: 16981901102328697336

168 qw the Chopper (level 5, -1/32 HPs)
             Began as a Gargoyle Fighter on June 1, 2023.
             Slain by a gnoll
             ... wielding a +0 halberd
              (7 damage)
             ... on level 3 of the Dungeon.
             The game lasted 00:01:07 (1760 turns).

qw the Chopper (Gargoyle Fighter)                   Turns: 1760, Time: 00:01:07

Health: -1/32      AC: 15    Str: 21    XL:     5   Next: 49%
Magic:  5/5        EV:  9    Int:  9    God:
Gold:   121        SH:  4    Dex:  9    Spells: 4/4 levels left

rFire   . . .        Y - +0 war axe
rCold   . . .        c - +0 buckler
rNeg    + . .        b - +0 scale mail
rPois   inf          (no helmet)
rElec   +            (no cloak)
rCorr   .            (no gloves)
SInv    .            a - +3 pair of seven-league boots {Rampage+∞}
Will    .....        k - amulet of faith Stlth
                     (no ring)
HPRegen 0.25/turn    (no ring)
MPRegen 0.09/turn

%: rampage+inf, faith
@: no status effects
A: sickness immunity, AC +4, negative energy resistance 1, electricity
resistance, torment resistance 1, petrification resistance
a: no special abilities


You were on level 3 of the Dungeon.
You visited 1 branch of the dungeon, and saw 3 of its levels.

You collected 141 gold pieces.
You spent 20 gold pieces at shops.


Innate Abilities, Weirdness & Mutations

You are immune to sickness and miasma.
Your stone body is resilient. (AC +4)
You are immune to poison.
You resist negative energy. (rN+)
You are resistant to electric shocks. (rElec)
You are resistant to unholy torment.
You are immune to petrification.


   Skills:
 + Level 3.2 Fighting
 - Level 5.0 Axes
 - Level 3.2 Armour
 - Level 3.2 Shields


You had 4 spell levels left.
You didn't know any spells.
Your spell library was empty.

Inventory:

Hand Weapons
 o - a +2 mace of protection
 Y - a +0 war axe (weapon)
Armour
 a - the +3 pair of seven-league boots (worn) {Rampage+∞}
   (You acquired it on level 1 of the Dungeon)

   Rampage+∞: When moving toward enemies, its wearer moves as far as possible,
   alerting their target en route.
 b - a +0 scale mail (worn)
 c - a +0 buckler (worn)
Jewellery
 h - an amulet of guardian spirit
 k - an amulet of faith (around neck)
Scrolls
 f - a scroll of identify
Potions
 d - 2 potions of might
 e - a potion of curing
 i - a potion of lignification {unknown}
 j - a potion of brilliance {unknown}
 l - a potion of mutation {unknown}
 m - 2 potions of ambrosia {unknown}

Dungeon Overview and Level Annotations

Branches:
Dungeon (3/15)

Altars:
Ashenzari

Shops:
D:1 ?


Message History

You block the gnoll's attack.
You slash the gnoll!
You kill the gnoll!
The gnoll closely misses you.
You hit the gnoll.
The gnoll is moderately wounded.
The gnoll barely misses you. The gnoll closely misses you.
You hit the gnoll.
The gnoll is heavily wounded.
The gnoll closely misses you.
The gnoll drinks a potion.
The gnoll is healed!
The gnoll hits you but does no damage. You block the gnoll's attack.
1752 ||| DRINKING potion of heal wounds.
You feel much better. The gnoll barely misses you.
The gnoll hits you with a +0 club.
You completely miss the gnoll. The gnoll hits you but does no damage.
The gnoll hits you from afar with a +0 halberd.
You slash the gnoll!
The gnoll is severely wounded.
The gnoll hits you from afar with a +0 halberd.
The gnoll hits you but does no damage.
You slash the gnoll!
You kill the gnoll!
The gnoll hits you from afar with a +0 halberd!
The gnoll barely misses you.
Your Axes skill increases to level 5!
The gnoll hits you with a +0 halberd!
Items here: %%% ( )))).
You barely miss the gnoll. The gnoll barely misses you.
You hit the gnoll.
The gnoll is moderately wounded.
The gnoll closely misses you.
You hit the gnoll.
The gnoll is heavily wounded.
You block the gnoll's attack.
You hit the gnoll.
The gnoll is heavily wounded.
The gnoll hits you with a +0 halberd. The gnoll hits you with a +0 halberd!
You die...

#.............#
#.#########...###
##.####.##
#<..##.
.......?.#
#...##.
##.####..#
######...##. #..#
#........... #..#
#.####...###
#.####..# #.<....
#....@..# ##..###
######g.# #..#
...............
...#
######...##.###
###.# #...# .#
... ..... .. ..
gg..##. # ...
.g... . ._.#.# .


You could see a gnoll.

Vanquished Creatures
  Natasha (D:2)
  4 gnolls
  5 adders (D:2)
  A worm (D:2)
  A dart slug (D:2)
  6 bats
  7 endoplasms
  3 giant cockroaches
  7 goblins
  2 hobgoblins (D:1)
  5 kobolds
  2 quokkas
  2 ball pythons (D:2)
  2 frilled lizards (D:1)
  10 rats
58 creatures vanquished.

Notes
Turn   | Place    | Note
-------+----------+-------------------------------------------
     0 | D:1      | qw the Gargoyle Fighter began the quest for the Orb.
     0 | D:1      | Reached XP level 1. HP: 14/14 MP: 1/1
     0 | D:1      | 0 ||| qw: Version: 0.2-a-102-gdf20003
     0 | D:1      | 0 ||| qw: Game counter: 686
     0 | D:1      | 0 ||| qw: Always use a shield: true
     0 | D:1      | 0 ||| qw: God list: Okawaru
     0 | D:1      | 0 ||| qw: Allow faded altars: false
     0 | D:1      | 0 ||| qw: Do Orc after D:15 true
     0 | D:1      | 0 ||| qw: Do second Lair branch before Depths: true
     0 | D:1      | 0 ||| qw: Lair rune preference: random
     0 | D:1      | 0 ||| qw: Plans: Normal, Zot:1-4, Slime:5, God:TSO, Crypt,
                  | Tomb, Pan, Hells, Abyss, Win
     0 | D:1      | 0 ||| PLANNING D:1-11
    29 | D:1      | Reached skill level 2 in Axes
    33 | D:1      | 33 ||| Stepping ~*~*~tactically~*~*~ (stealth).
    40 | D:1      | 40 ||| Stepping ~*~*~tactically~*~*~ (stealth).
    50 | D:1      | Found Cilo's Magic Scroll Shop.
    59 | D:1      | Reached XP level 2. HP: 19/19 MP: 2/2
    90 | D:1      | 90 ||| BUYING scroll of identify (20 gold).
    90 | D:1      | Bought a scroll of identify for 20 gold pieces
    90 | D:1      | 90 ||| SHOPLISTING scroll of identify (20 gold, have 15).
    90 | D:1      | 90 ||| SHOPLISTING scroll of teleportation (30 gold, have
                  | 15).
   380 | D:1      | Reached skill level 3 in Axes
   380 | D:1      | Reached XP level 3. HP: 18/23 MP: 3/3
   434 | D:1      | 434 ||| DROPPING +0 whip.
   640 | D:1      | 640 ||| UPGRADING to amulet of faith.
   645 | D:1      | 645 ||| READING scroll labelled SAL SAFIVIEKA.
   646 | D:1      | 646 ||| READING scroll labelled ESAIKO ACLUA.
   647 | D:1      | 647 ||| READING scroll labelled WAXKOA FEZO.
   647 | D:1      | Identified a scroll of acquirement
   647 | D:1      | 647 ||| ACQUIRING +3 pair of seven-league boots {Rampage+∞}
   647 | D:1      | Acquired the +3 pair of seven-league boots {Rampage+∞}
   647 | D:1      | Found the +3 pair of seven-league boots {Rampage+∞}
   649 | D:1      | 649 ||| UPGRADING to +3 pair of seven-league boots
                  | {Rampage+∞}.
   654 | D:1      | 654 ||| READING scroll labelled WAURIRO PEKUTT.
   659 | D:1      | 659 ||| READING 3 scrolls labelled VOUREWNUSK.
   660 | D:1      | 660 ||| READING scroll labelled FEISIGRANO.
   661 | D:1      | 661 ||| DRINKING 2 glowing brown potions.
   662 | D:1      | 662 ||| DROPPING 2 scrolls of noise.
   696 | D:2      | 696 ||| Stepping ~*~*~tactically~*~*~ (stealth).
   769 | D:2      | Reached XP level 4. HP: 24/28 MP: 4/4
   801 | D:2      | Reached skill level 4 in Axes
  1213 | D:2      | 1213 ||| Stepping ~*~*~tactically~*~*~ (hiding).
  1510 | D:2      | Noticed Natasha
  1513 | D:2      | Killed Natasha
  1514 | D:2      | Reached XP level 5. HP: 32/32 MP: 5/5
  1516 | D:2      | 1516 ||| Stepping ~*~*~tactically~*~*~ (stealth).
  1617 | D:2      | 1617 ||| READING scroll labelled WYUT UFOEV.
  1725 | D:3      | 1725 ||| Stepping ~*~*~tactically~*~*~ (stealth).
  1727 | D:3      | Found a broken altar of Ashenzari.
  1728 | D:3      | 1728 ||| Stepping ~*~*~tactically~*~*~ (hiding).
  1729 | D:3      | 1729 ||| Stepping ~*~*~tactically~*~*~ (hiding).
  1748 | D:3      | HP: 4/32 [gnoll/+0 halberd (7)]
  1752 | D:3      | 1752 ||| DRINKING potion of heal wounds.
  1756 | D:3      | Reached skill level 5 in Axes
  1760 | D:3      | HP: 6/32 [gnoll/+0 halberd (4)]
  1760 | D:3      | Slain by a gnoll

Levels and vault maps discovered:
D:1:      amcnicky_arrival_double_pillar, layout_basic, serial_shops, shop
D:2:      layout_loops_cross, nicolae_half_adder, uniq_natasha
D:3:      layout_loops_ring, grunt_temple_overflow_open,
          mainiacjoe_overflow_six_doors_small

Skill      XL: |  1  2  3  4  5 |
---------------+----------------+-----
Axes           | 2 3 4 5 |  5.0
Fighting       | |  3.2
Armour         | |  3.2
Shields        | |  3.2

Action                     |  1- 3 |  4- 6 || total
---------------------------+-------+-------++-------
  Melee: War axe           |   100 |   107 ||   207
    Use: Scroll            |     6 |     1 ||     7
         Potion            |     1 |     1 ||     2
 Armour: Scale mail        |    62 |    76 ||   138
  Dodge: Dodged            |    36 |    51 ||    87
  Block: Buckler           |    15 |    26 ||    41

Table legend:
 A = Non-vault XP
 B = Vault XP
 C = Vault XP percentage of total XP
 D = Non-vault monster count
 E = Vault monster count
 F = Vault count percentage of total count
                 A         B        C        D         E       F
            +---------+---------+-------+---------+---------+-------
      Total |     165 |      76 |  31.5 |      54 |       4 |   6.9
            +---------+---------+-------+---------+---------+-------
        D:1 |      52 |       0 |   0.0 |      25 |       0 |   0.0
        D:2 |      66 |      76 |  53.5 |      24 |       4 |  14.3
        D:3 |      47 |       0 |   0.0 |       5 |       0 |   0.0
            +---------+---------+-------+---------+---------+-------
